 Dungeon Crawl Stone Soup version 0.19-a0-1218-gcd7aee6 (webtiles) character file.

9051 MrRokkomies the Grappler (level 11, -13/128 HPs)
             Began as a Troll Chaos Knight on Aug 24, 2016.
             Killed from afar by a starcursed mass (14 damage)
             ... with an accursed screaming
             ... on level 1 of the Abyss.
             The game lasted 00:20:16 (6739 turns).

MrRokkomies the Grappler (Troll Chaos Knight)       Turns: 6739, Time: 00:20:21

Health: -13/128    AC:  2    Str: 17 (18) XL:     11   Next: 18%
Magic:  10/10      EV: 21    Int:  5 (6)  God:    Xom [...*..]
Gold:   1245       SH:  2    Dex: 13      Spells: 0 memorised, 10 levels left

rFire  . . .     SeeInvis .       - Unarmed
rCold  . . .     Gourm    +     (armour currently unavailable)
rNeg   . . .     Faith    .     (shield currently unavailable)
rPois  x         Spirit   .     (helmet currently unavailable)
rElec  .         Dismiss  .     (cloak currently unavailable)
rCorr  .         Reflect  +     (gloves unavailable)
MR     +....     Harm     .     (boots unavailable)
Stlth  +......... Clarity  +    x - +2 amulet of reflection
                                (no ring)
                                F - +3 ring of slaying

@: spider-form
A: unfitting armour, (claws 0), (large bone plates 0), berserk 2, clarity,
clumsy 2, deterioration 2, dopey 1, fast metabolism 3, gourmand, magic
resistance 1, mutation resistance 2, regeneration 1, robust 1, (shaggy fur 0),
(tough skin 0), weak 2, MP-powered wands
a: Renounce Religion


You were on level 1 of the Abyss.
You worshipped Xom.
You were a favourite toy of Xom.
You were full.
You were a venomous arachnid creature.
You visited 2 branches of the dungeon, and saw 11 of its levels.
You visited the Abyss 1 time.

You collected 1388 gold pieces.
You spent 143 gold pieces at shops.

Inventory:

Hand Weapons
 z - a +1 blowgun
Missiles
 c - 281 stones (quivered)
 n - 4 tomahawks of returning
 A - 72 poisoned needles
 E - 2 throwing nets
Armour
 J - a +0 troll leather armour (melded)
Jewellery
 e - an uncursed amulet of guardian spirit
 i - an uncursed amulet of faith
 x - a +2 amulet of reflection (around neck)
 y - an uncursed ring of ice
 F - a +3 ring of slaying (left front leg)
Wands
 j - a wand of flame (25/48)
 D - a wand of iceblast (7/15)
 K - a wand of flame (21/48)
 L - a wand of acid (9/15)
 M - a wand of iceblast (9/15)
Scrolls
 d - a scroll of fog
 g - a scroll of enchant weapon
 l - a scroll of recharging
 o - 8 scrolls of remove curse
 q - a scroll of enchant armour
 N - a scroll of torment {unknown}
Potions
 k - a potion of cure mutation
 m - 2 potions of resistance
 p - 5 potions of brilliance
 r - 3 potions of heal wounds
 s - 2 potions of might
 u - 2 potions of agility
 v - 6 potions of curing
 B - 2 potions of invisibility
 C - 3 potions of lignification
 H - a potion of cancellation {unknown}
 I - 2 potions of flight
Books
 t - a Fen Folio

   Spells                             Type                      Level
   a - Corpse Rot                     Necromancy                   2
   b - Stone Arrow                    Conjuration/Earth            3
   c - Leda's Liquefaction            Hexes/Earth                  4
   d - Summon Forest                  Summoning/Translocation      5
   e - Hydra Form                     Transmutation                6
   f - Summon Hydra                   Summoning                    7
 w - a book of Dreams

   Spells                             Type                      Level
   a - Ensorcelled Hibernation        Hexes/Ice                    2
   b - Silence                        Hexes/Air                    5
   c - Darkness                       Hexes                        6
   d - Shadow Creatures               Summoning                    6
Comestibles
 b - 8 bread rations
 f - 4 meat rations
 G - 5 fruits
 O - a beef jerky


   Skills:
 - Level 10.0 Fighting
 * Level 7.2 Throwing
 * Level 4.4 Dodging
 - Level 10.0 Unarmed Combat


You had 10 spell levels left.
You didn't know any spells.

Dungeon Overview and Level Annotations

Branches:
Dungeon (10/15)            Temple (1/1) D:4
   Lair: D:8-11         Orc: D:9-12

Altars:
Ashenzari
Cheibriados
Dithmenos
Elyvilon
Fedhas
Gozag
Hepliaklqana
Kikubaaqudgha
Makhleb
Nemelex Xobeh
Okawaru
Qazlal
Ru
Sif Muna
Trog
Uskayaw
Vehumet
Xom
Yredelemnul
Zin
The Shining One

Shops:
D:6 !

Annotations:
D:10 Sonja


Innate Abilities, Weirdness & Mutations

You are too large for most types of armour.
((You have claws for hands.))
Your metabolism is lightning-fast.
You like to eat raw meat.
Your natural rate of healing is unusually fast.
((You are covered in fur. (AC +1)))
((You have very tough skin. (AC +2)))
((You are partially covered in large bone plates. (AC +2, SH +2)))
You possess an exceptional clarity of mind.
You are dopey. (Int -2)
You are resistant to hostile enchantments. (MR+)
You are somewhat resistant to both further mutation and mutation removal.
You are robust. (+10% HP)
[You often lose your temper in combat.]
[You are very clumsy. (Dex -4)]
[Your body often deteriorates upon taking damage.]
[You are very weak. (Str -4)]
[You expend magic power (3 MP) to strengthen your wands.]


Message History

The thrashing horror completely misses you.
Your ice beast hits the starcursed mass but does no damage.
The starcursed mass completely misses you.
The starcursed mass engulfs you!
* * * LOW HITPOINT WARNING * * *
Your body deteriorates!
You feel weakened.
Okay, then.
The thrashing horror barely misses you. The thrashing horror misses you.
The starcursed mass engulfs you!
* * * LOW HITPOINT WARNING * * *
Your body deteriorates!
You feel dopey.
Your ice beast hits the starcursed mass but does no damage.
The starcursed mass engulfs your ice beast.
The thrashing horror tramples you!
* * * LOW HITPOINT WARNING * * *
You hold your ground!
You block the thrashing horror's attack.
A deafening chorus of shrieks assaults your mind!
You die...
Xom roars with laughter!

## . ... ..#.# #
#.#.## ####. ## .
# ...#..#§.## #.#
. #......#.XY##.#
.. #. ##.XX#.# .
.. ..#).#.Xs# #.
. #
##......XXXX#..##
..
#....#.#.##§#..#
# . .##...#
..###.# .#. .
.##..#.#.# .# . #
##.##.## # . #. #
.#.# .## # ###..
# .. #.##


You could see 7 starcursed masses, a thrashing horror and a friendly ice beast.

Vanquished Creatures
  A tentacled starspawn (Abyss:1)
  A wretched star (Abyss:1)
  The ghost of MrRokkomies the Fighter, a novice TrHu (D:5)
  A hill giant (D:10)
  Joseph (D:10)
  Psyche (D:8)
  3 orc warriors
  A troll (D:9)
  A two-headed ogre (D:8)
  A vampire (D:10)
  A wyvern (D:5)
  A steam dragon (D:9)
  Menkaure (D:6)
  2 small abominations (Abyss:1)
  A water moccasin (D:8)
  3 sky beasts
  4 ice beasts
  A necrophage (D:5)
  3 ogres
  A phantom (D:6)
  2 centaurs
  A big kobold (D:9)
  The ghost of KuKumber the Stinger, an amateur KoVM (D:3)
  5 giant frogs
  3 scorpions
  3 howler monkeys
  5 wights (D:8)
  3 crimson imps
  A centaur zombie (D:5)
  6 jellies
  A quasit (D:9)
  A wasp zombie (D:6)
  3 hounds
  2 giant frog zombies
  4 orc priests
  2 giant frog skeletons
  4 orc wizards
  2 gnoll shamans
  An iguana (D:10)
  2 centaur skeletons
  4 worker ants
  A hound zombie (D:5)
  A hound skeleton (D:4)
  2 worker ant zombies
  9 adders
  17 gnolls
  3 shadow imps
  A white imp (D:8)
  An ufetubus (Abyss:1)
  2 oozes
  2 adder zombies
  An adder skeleton (D:5)
  2 worms
  3 dart slugs
  5 giant geckos
  32 orcs
  5 giant cockroaches
  16 goblins
  16 hobgoblins
  5 jackals
  2 quokkas
  A ball python (D:1)
  8 bats
  8 giant newts
  A jackal skeleton (D:5)
  21 kobolds
  A quokka skeleton (D:6)
  8 rats
260 creatures vanquished.

Vanquished Creatures (collateral kills)
  A phantom (D:6)
  An orc (D:5)
2 creatures vanquished.

Vanquished Creatures (others)
  The ghost of spawnfightdierepeat the Shield-Bearer, a novice DrTm of Cheibriados (D:6)
  A kobold (D:9)
  4 starspawn tentacles (Abyss:1)
6 creatures vanquished.

Grand Total: 268 creatures vanquished

Notes
Turn   | Place    | Note
-------+----------+-------------------------------------------
     0 | D:1      | MrRokkomies the Troll Chaos Knight began the quest for the Orb.
     0 | D:1      | Reached XP level 1. HP: 22/22 MP: 0/0
    80 | D:1      | XOM: harmless Necr miscast
   130 | D:1      | Reached XP level 2. HP: 29/29 MP: 1/1
   353 | D:1      | XOM: silly message
   370 | D:1      | Reached XP level 3. HP: 29/37 MP: 2/2
   555 | D:2      | Reached XP level 4. HP: 45/45 MP: 3/3
   735 | D:2      | XOM: potion effect (haste)
   791 | D:3      | Noticed KuKumber's ghost (amateur KoVM)
   792 | D:3      | XOM: potion effect (haste)
   802 | D:3      | Killed KuKumber's ghost
   802 | D:3      | Reached XP level 5. HP: 54/54 MP: 2/4
   807 | D:3      | Reached skill level 5 in Unarmed Combat
   835 | D:3      | XOM: divination: magic mapping
   841 | D:3      | Reached XP level 6. HP: 62/62 MP: 5/5
   878 | D:3      | XOM: medium Erth miscast
  1133 | D:3      | XOM: divination: detect creatures
  1149 | D:3      | Found a shadowy altar of Dithmenos.
  1202 | D:3      | Found a faded altar of an unknown god.
  1370 | D:4      | Found a staircase to the Ecumenical Temple.
  1404 | Temple   | Entered the Ecumenical Temple
  1658 | D:4      | XOM: summons friendly shadow imp
  1726 | D:4      | Found a sparkling altar of Nemelex Xobeh.
  1758 | D:4      | XOM: polymorph shadow imp -> iron imp
  1926 | D:4      | Reached skill level 5 in Fighting
  1937 | D:4      | XOM: polymorph hobgoblin -> jackal
  1942 | D:4      | Reached XP level 7. HP: 69/72 MP: 6/6
  2351 | D:5      | XOM: stealth player
  2351 | D:5      | Entered Level 5 of the Dungeon
  2396 | D:5      | Noticed MrRokkomies's ghost (novice TrHu)
  2404 | D:5      | XOM: summons friendly crimson imp
  2424 | D:5      | Killed MrRokkomies's ghost
  2424 | D:5      | Reached XP level 8. HP: 16/83 MP: 7/7
  2569 | D:5      | Found a white marble altar of Elyvilon.
  2799 | D:5      | Found a snail-covered altar of Cheibriados.
  3334 | D:6      | Noticed Menkaure
  3342 | D:6      | Killed Menkaure
  3362 | D:6      | Reached XP level 9. HP: 52/93 MP: 8/8
  3367 | D:6      | Noticed spawnfightdierepeat's ghost (novice DrTm)
  3385 | D:6      | XOM: enchant monster (good)
  3396 | D:6      | Your ally spawnfightdierepeat died
  3614 | D:6      | Found Tisofa's Distillery.
  3621 | D:6      | Bought a potion of heal wounds for 65 gold pieces
  3621 | D:6      | Bought a potion of heal wounds for 65 gold pieces
  3621 | D:6      | Bought a potion of degeneration for 13 gold pieces
  4014 | D:7      | XOM: cleaving
  4077 | D:7      | XOM: swap monsters
  4196 | D:7      | XOM: give mutation
  4196 | D:7      | Gained mutation: You are partially covered in icy blue scales. (AC +2) [Xom's mischief]
  4325 | D:8      | XOM: confuse monster(s)
  4332 | D:8      | Reached skill level 10 in Unarmed Combat
  4333 | D:8      | Gained mutation: You are robust. (+10% HP) [potion of mutation]
  4333 | D:8      | Gained mutation: You are dopey. (Int -2) [potion of mutation]
  4333 | D:8      | Gained mutation: You are somewhat resistant to further mutation. [potion of mutation]
  4334 | D:8      | Lost mutation: You are partially covered in icy blue scales. (AC +2) [potion of mutation]
  4348 | D:8      | Found a stormy altar of Qazlal.
  4400 | D:8      | Found a radiant altar of Vehumet.
  4537 | D:8      | Reached skill level 1 in Throwing
  4689 | D:8      | Noticed Psyche
  4696 | D:8      | XOM: noise
  4698 | D:8      | Killed Psyche
  4699 | D:8      | XOM: confuse monster(s)
  4723 | D:8      | Reached XP level 10. HP: 102/117 MP: 9/9
  4921 | D:8      | XOM: polymorph quasit -> white imp
  4926 | D:8      | Found a blossoming altar of Fedhas.
  4974 | D:8      | XOM: divination: detect items
  5234 | D:9      | Found a shattered altar of Ashenzari.
  5503 | D:9      | XOM: scenery: 1 doors open
  5541 | D:9      | Found a radiant altar of Vehumet.
  5592 | D:9      | XOM: cast spell 'Spider Form'
  5656 | D:9      | XOM: divination: detect items
  5896 | D:10     | Entered Level 10 of the Dungeon
  5898 | D:10     | Noticed Joseph
  5902 | D:10     | Found a blossoming altar of Fedhas.
  5916 | D:10     | Killed Joseph
  5916 | D:10     | Reached skill level 5 in Throwing
  6000 | D:10     | XOM: divination: detect items
  6035 | D:10     | Noticed a hill giant
  6041 | D:10     | XOM: cleaving
  6043 | D:10     | XOM: fog
  6045 | D:10     | Killed a hill giant
  6045 | D:10     | Reached skill level 10 in Fighting
  6307 | D:10     | XOM: 1-stop teleportation journey
  6336 | D:10     | XOM: give mutations
  6336 | D:10     | Gained mutation: You are resistant to hostile enchantments. (MR+) [Xom's grace]
  6336 | D:10     | Gained mutation: You are somewhat resistant to both further mutation and mutation removal. [Xom's grace]
  6336 | D:10     | Gained mutation: You are partially covered in large bone plates. (AC +2, SH +2) [Xom's grace]
  6336 | D:10     | Gained mutation: You possess an exceptional clarity of mind. [Xom's grace]
  6489 | D:10     | Noticed Sonja
  6569 | D:10     | Cast into level 1 of the Abyss (Sonja)
  6609 | Abyss:1  | Noticed a starcursed mass
  6617 | Abyss:1  | XOM: cast spell 'Alistair's Intoxication'
  6618 | Abyss:1  | Noticed a large abomination
  6628 | Abyss:1  | Noticed a starcursed mass
  6630 | Abyss:1  | XOM: summons 6 friendly demons
  6634 | Abyss:1  | Noticed a spatial maelstrom
  6634 | Abyss:1  | XOM: fake destruction
  6677 | Abyss:1  | Noticed a tentacled starspawn
  6687 | Abyss:1  | Killed a tentacled starspawn
  6687 | Abyss:1  | Reached XP level 11. HP: 82/128 MP: 10/10
  6692 | Abyss:1  | XOM: god gift: 730 gold pieces
  6706 | Abyss:1  | Noticed a wretched star
  6715 | Abyss:1  | Noticed a thrashing horror
  6726 | Abyss:1  | Noticed a starcursed mass
  6726 | Abyss:1  | Killed a wretched star
  6727 | Abyss:1  | XOM: cast spell 'Spider Form'
  6733 | Abyss:1  | XOM: destruction
  6736 | Abyss:1  | XOM: cast spell 'Summon Ice Beast'
  6739 | Abyss:1  | HP: 1/128 [thrashing horror (11)]
  6739 | Abyss:1  | Killed from afar by a starcursed mass

Vault maps used:
D:1:      minmay_arrival_pointy
D:3:      overflow_temple_1_default, first_bread, ecumenical_altar_2,
          minmay_bisected
D:4:      corexii_shantytown, nemelex_spade_bored_becter
D:5:      kennysheep_mini_moat, lemuel_doored_altar
D:6:      serial_shops, shop_fountains, uniq_menkaure
D:8:      old_standard_altar, overflow_temple_1_default, vehumet_crystals,
          uniq_psyche
D:9:      cheibrodos_ashenzari_chains, vehumet_altar_wand_db
D:10:     fedhas_altar_1, uniq_joseph, uniq_sonja, uniq_maurice
Temple:   minmay_temple_curvy_branch

Skill      XL: |  1  2  3  4  5  6  7  8  9 10 11 |
---------------+----------------------------------+-----
Fighting       | 3 4 5 6 7 9 10 | 10.0
Unarmed Combat | 4 5 6 7 8 10 | 10.0
Throwing       | 3 6 7 |  7.2
Dodging        | 4 |  4.4

Action                   |  1- 3 |  4- 6 |  7- 9 | 10-12 || total
-------------------------+-------+-------+-------+-------++-------
Melee: Unarmed           |   101 |   134 |   283 |   207 ||   725
       Punch             |     3 |     2 |    14 |    10 ||    29
 Fire: Blowgun           |       |       |       |     6 ||     6
  Use: Scroll            |     2 |     4 |    16 |     2 ||    24
       Potion            |       |     3 |     6 |     3 ||    12
 Stab: Confused          |       |       |     3 |       ||     3
       Sleeping          |       |       |     1 |       ||     1
  Eat: Chunk             |    11 |     7 |    24 |    18 ||    60
       Pizza             |       |       |     2 |       ||     2
       Beef jerky        |       |       |     1 |       ||     1
Armor: Robe              |    39 |    32 |    73 |    12 ||   156
       Skin              |       |     4 |       |       ||     4
       Troll leather arm |       |       |       |    49 ||    49
Dodge: Dodged            |    60 |    57 |    97 |   105 ||   319
Block: Other             |       |     1 |    15 |    17 ||    33
       Reflection        |       |       |     1 |     1 ||     2
